 Dungeon Crawl Stone Soup version 0.24.0-13-gcf9b3192b9 (webtiles) character file.

Game seed: 14682752618743108857, levelgen mode: deterministic

17602 inmateoo the Fighter (level 12, -2/110 HPs)
             Began as a Red Draconian Transmuter on Nov 6, 2019.
             Was an Elder of Cheibriados.
             Slain by a hell beast (16 damage)
             ... in a Gauntlet.
             The game lasted 00:18:11 (13944 turns).

inmateoo the Fighter (Red Draconian Transmuter)    Turns: 13944, Time: 00:18:12

Health: -2/110     AC:  8    Str: 23    XL:     12   Next: 20%
Magic:  25/33      EV: 17    Int: 28    God:    Cheibriados [****..]
Gold:   384        SH:  0    Dex: 26    Spells: 10/28 levels left

rFire    + + +     SeeInvis .     - Unarmed
rCold    + . .     Gourm    .   (shield currently unavailable)
rNeg     + + +     Faith    .   (armour unavailable)
rPois    .         Spirit   .   (helmet restricted)
rElec    +         Reflect  .   x - scarf {rC+ rF+}
rCorr    .         Harm     .   (gloves currently unavailable)
MR       ++...     NoTele   +   (no boots)
Stlth    ++........             v - amulet "Ojeraed" {+Rage MR+ Dex+5}
HPRegen  0.28/turn              p - ring "Acush" {Wiz rElec MR+ Dex+2}
MPRegen  0.23/turn              B - ring of Xuveosuib {+Fly rF+ rN+++ MP+9 Dex-3}

@: blade hands, very slow
A: breathe fire, unfitting armour, fire resistance 1, cold-blooded, AC +8
a: Breathe Fire, End Transformation, Bend Time, Temporal Distortion, Slouch,
Renounce Religion, Evoke Berserk Rage, Evoke Flight


You were in a Gauntlet.
You worshipped Cheibriados.
Cheibriados was greatly pleased with you.
You were not hungry.
You had blades for hands.
You visited 2 branches of the dungeon, and saw 12 of its levels.
You also visited: Ossuary and Gauntlet.

You collected 561 gold pieces.
You spent 177 gold pieces at shops.

Inventory:

Hand Weapons
 j - the +6 short sword "Goukas" {venom, rPois MR++}
   (You found it on level 4 of the Dungeon)

   It poisons the flesh of those it strikes.
   It protects you from poison.
   It affects your resistance to hostile enchantments.
Missiles
 a - 246 arrows
 l - 7 boomerangs (quivered)
 C - 5 throwing nets
Armour
 x - a scarf of resistance (worn)
 y - a cursed +0 pair of gloves (melded)
Jewellery
 g - a +3 ring of evasion
 p - the ring "Acush" (left scythe-like blade) {Wiz rElec MR+ Dex+2}
   (You found it in a Gauntlet)

   [ring of wizardry]

   It improves your spell success rate.
   It affects your dexterity (+2).
   It insulates you from electricity.
   It affects your resistance to hostile enchantments.
 v - the amulet "Ojeraed" (around neck) {+Rage MR+ Dex+5}
   (You found it on level 10 of the Dungeon)

   [amulet of rage]

   It affects your dexterity (+5).
   It affects your resistance to hostile enchantments.
   It lets you go berserk.
 B - the ring of Xuveosuib (right scythe-like blade) {+Fly rF+ rN+++ MP+9 Dex-3}
   (You took it off a vampire on level 10 of the Dungeon)

   [ring of flight]

   It affects your dexterity (-3).
   It protects you from fire.
   It renders you almost immune to negative energy.
   It affects your magic capacity (+9).
   It lets you fly.
 J - an uncursed ring of resist corrosion
Wands
 i - a wand of paralysis (4)
 s - a wand of acid (2)
 w - a wand of polymorph (25)
 z - a wand of disintegration (8)
 A - a wand of iceblast (7)
 G - a wand of enslavement (6)
Scrolls
 d - 3 scrolls of amnesia
 e - a scroll of identify
 f - 4 scrolls of remove curse
 o - 3 scrolls of magic mapping
 t - 4 scrolls of brand weapon
 u - 5 scrolls of teleportation
 E - a scroll of blinking
Potions
 b - 3 potions of agility
 h - a potion of resistance
 k - 3 potions of curing
 m - a potion of ambrosia
 n - 3 potions of cancellation
 q - 3 potions of magic
 r - a potion of invisibility
 D - a potion of mutation
Comestibles
 c - 22 rations
 F - 3 chunks of flesh


   Skills:
 + Level 11.4 Fighting
 + Level 5.1 Dodging
 + Level 8.9 Unarmed Combat
 + Level 8.6 Spellcasting
 + Level 11.2 Transmutations


You had 10 spell levels left.
You knew the following spells:

 Your Spells              Type           Power        Failure   Level  Hunger
a - Beastly Appendage     Tmut           ######       2%          1    None
b - Sticks to Snakes      Tmut           ######..     2%          2    None
c - Spider Form           Tmut/Pois      #####.....   7%          3    None
d - Blade Hands           Tmut           ######....   7%          5    ####...
e - Dragon Form           Tmut           ######....   45%         7    #######

Your spell library contained the following spells:

 Spells                   Type           Power        Failure   Level  Hunger
 Flame Tongue             Conj/Fire      ##...        13%         1    None
 Ice Form                 Ice/Tmut       #####...     13%         4    #......
 Cause Fear               Hex            ##........   50%         4    #......
 Bolt of Fire             Conj/Fire      ##........   99%         6    ######.
 Dragon's Call            Summ           ##........   100%        9    #######


Dungeon Overview and Level Annotations

Branches:
Dungeon (11/15)            Temple (1/1) D:6            Lair (0/6) D:11
Ossuary (visited)         Gauntlet (1/1)
    Orc: D:9-12

Altars:
Ashenzari
Cheibriados
Dithmenos
Elyvilon
Fedhas
Gozag
Hepliaklqana
Kikubaaqudgha
Makhleb
Nemelex Xobeh
Okawaru
Qazlal
Ru
Sif Muna
Trog
Uskayaw
Wu Jian
Xom
Yredelemnul
Zin
The Shining One

Shops:
D:7 *

Annotations:
Gauntlet 7 transporters


Innate Abilities, Weirdness & Mutations

You can breathe blasts of fire.
Your fiery red scales are hard. (AC +8)
You cannot fit into any form of body armour.
Your flesh is heat resistant. (rF+)
You are cold-blooded and may be slowed by cold attacks.


Message History

The hell beast bites you! The hell beast barely misses you.
The hell hound breathes flames at you.
The blast of flame hits the hell hound.
The hell hound completely resists.
The blast of flame hits you. You resist.
You fail to use your ability.
The hell hound misses you. The hell beast closely misses you. x2
Unknown command.
Unknown command.
You can feel time thicken for a moment.
You kill the hell hound!
Cheibriados thoroughly appreciates the change of pace.
You kill the hell hound!
Cheibriados thoroughly appreciates the change of pace.
You feel somewhat more hungry.
You can no longer step out of the flow of time.
Cheibriados lowers the support of your attributes as your movement quickens.
The hell beast bites you!!
* * * LOW HITPOINT WARNING * * *
The hell beast tramples you!
You die...

#########...###########..###
.#.©.#....≈....#.©.#.....#
.#...#...≈8§...#...#.8...###
.#.©.#....≈....#.©.#.....#8#
#########...###########..###
......4.#...#.........#..#
.##.##..#...#...###...#..###
##...##.#...#...†#...h#..#8#
#.....#.#...#.#2@#..#.#..###
...©....#...#.#######.#..#
#.....#.#...#.#..#..#.#..###
##...##.#...#....#....#..#8#
.##.##..#...#...#.#...#..###
..)©([..#...#..?)©."..#..#
#########...###########..###
.........................#8#
.........≈∩≈............≈###


You could see a hell beast.

Vanquished Creatures
  Harold (D:7)
  A centaur warrior (D:10)
  A two-headed ogre (D:10)
  A soul eater (Gauntlet)
  2 unseen horrors
  A wizard (Gauntlet)
  An orange crystal statue (D:9)
  A deep elf mage (D:9)
  An ugly thing (D:10)
  A cyclops (D:11)
  2 trolls
  Grinder (D:3)
  A hornet (D:10)
  2 hippogriffs
  18 yaks
  A shadow (D:11)
  A spriggan (D:7)
  A vampire (D:10)
  Eustachio (D:4)
  Grum (D:8)
  A wyvern (D:9)
  Edmund (D:5)
  Duvessa (D:7)
  2 hell hounds (Gauntlet)
  4 ice beasts
  3 phantoms
  5 sky beasts
  5 orc warriors
  2 black bears (D:8)
  3 necrophages
  4 wolves (D:7)
  5 ogres
  6 centaurs
  A crocodile (D:4)
  Blork the orc (D:5)
  A big kobold (D:9)
  7 bullfrogs
  A wyvern zombie (D:9)
  Dowan (D:7)
  A scorpion (D:11)
  17 killer bees
  2 bullfrog zombies
  8 crimson imps
  A quasit (D:9)
  2 centaur zombies (Ossuary)
  5 hounds
  8 orc priests
  2 bullfrog skeletons (D:10)
  2 human zombies (Ossuary)
  2 centaur skeletons
  2 jellies
  7 orc wizards
  2 iguanas
  8 worker ants
  A big kobold zombie (Ossuary)
  2 mummies (Ossuary)
  4 worker ant zombies
  6 gnolls
  14 adders
  6 shadow imps
  3 white imps (Gauntlet)
  An adder skeleton (D:4)
  2 adder zombies
  3 worms
  7 leopard geckos
  46 orcs
  5 ball pythons
  6 giant cockroaches
  A goblin (D:2)
  9 hobgoblins
  8 jackals
  9 kobolds
  4 quokkas
  5 bats
  4 frilled lizards
  2 goblin zombies (Ossuary)
  11 hobgoblin zombies (Ossuary)
  2 jackal zombies (Ossuary)
  7 kobold zombies (Ossuary)
  2 leopard gecko zombies
  9 orc zombies (Ossuary)
  A quokka skeleton (D:7)
  6 rats
349 creatures vanquished.

Vanquished Creatures (others)
  A demonic plant (Gauntlet)
  8 fungi (D:6)
9 creatures vanquished.

Grand Total: 358 creatures vanquished

Notes
Turn   | Place    | Note
-------+----------+-------------------------------------------
     0 | D:1      | inmateoo the Draconian Transmuter began the quest for the
                  | Orb.
     0 | D:1      | Reached XP level 1. HP: 16/16 MP: 3/3
   289 | D:1      | Reached XP level 2. HP: 25/25 MP: 5/5
   840 | D:2      | Reached XP level 3. HP: 19/31 MP: 4/6
   863 | D:2      | HP: 1/31 [worm (10)]
  1933 | D:3      | Reached XP level 4. HP: 15/40 MP: 5/7
  2136 | D:2      | Learned a level 2 spell: Sticks to Snakes
  2140 | D:2      | Learned a level 3 spell: Spider Form
  2186 | D:3      | Found a hazy altar of Hepliaklqana.
  2482 | D:3      | Reached skill level 5 in Fighting
  2576 | D:3      | Found a shattered altar of Ashenzari.
  2601 | D:3      | Noticed a bullfrog
  2620 | D:3      | Killed a bullfrog
  2620 | D:3      | Reached XP level 5. HP: 40/48 MP: 2/8
  2980 | D:3      | Noticed Grinder
  2992 | D:3      | Paralysed by Grinder for 6 turns
  3004 | D:3      | Killed Grinder
  3004 | D:3      | Reached XP level 6. HP: 4/56 MP: 7/10
  3800 | D:4      | Reached skill level 5 in Transmutations
  3800 | D:4      | Your scales start taking on a fiery red colour.
  3800 | D:4      | Reached XP level 7. HP: 52/61 MP: 6/12
  3800 | D:4      | Gained mutation: Your flesh is heat resistant. (rF+) [Red
                  | Draconian growth]
  4058 | D:4      | Noticed Eustachio
  4071 | D:4      | Killed Eustachio
  4148 | D:4      | Reached skill level 5 in Unarmed Combat
  4562 | D:4      | Found a shimmering blue altar of Sif Muna.
  4579 | D:4      | Got a crude short sword
  4589 | D:4      | Reached XP level 8. HP: 67/68 MP: 14/14
  4595 | D:4      | Identified the +6 short sword "Goukas" {venom, rPois MR++}
                  | (You found it on level 4 of the Dungeon)
  4789 | D:5      | Entered Level 5 of the Dungeon
  4789 | D:5      | Found a sand-covered staircase.
  4797 | Ossuary  | Entered an ossuary
  4845 | Ossuary  | Learned a level 5 spell: Blade Hands
  5138 | D:5      | Found a sacrificial altar of Ru.
  5142 | D:5      | Found a bloodstained altar of Trog.
  5146 | D:5      | Found a burning altar of Makhleb.
  5232 | D:5      | Noticed Blork the orc
  5238 | D:5      | Killed Blork the orc
  5249 | D:5      | Found a glowing silver altar of Zin.
  5584 | D:5      | Noticed Edmund
  5596 | D:5      | Killed Edmund
  6131 | D:6      | Found a staircase to the Ecumenical Temple.
  6140 | Temple   | Entered the Ecumenical Temple
  6200 | Temple   | Became a worshipper of Cheibriados the Contemplative
  6250 | D:6      | Reached skill level 5 in Spellcasting
  6350 | D:6      | Reached XP level 9. HP: 74/77 MP: 16/16
  6395 | D:6      | Found a sparkling altar of Nemelex Xobeh.
  6581 | D:6      | Found an iron altar of Okawaru.
  6741 | D:7      | Found a white marble altar of Elyvilon.
  6751 | D:7      | Found a stormy altar of Qazlal.
  6795 | D:7      | Noticed Dowan
  6795 | D:7      | Noticed Duvessa
  6810 | D:7      | Killed Duvessa
  6813 | D:7      | Reached * piety under Cheibriados
  6819 | D:7      | Killed Dowan
  7089 | D:7      | Found an iron altar of Okawaru.
  7350 | D:7      | Found Hevu's Assorted Antiques.
  7354 | D:7      | Bought a scroll of identify for 60 gold pieces
  7354 | D:7      | Bought a scroll of identify for 60 gold pieces
  7354 | D:7      | Bought a scroll labeled QACOWAUSSUMM for 30 gold pieces
  7354 | D:7      | Bought a white potion for 27 gold pieces
  8087 | D:8      | Noticed Harold
  8098 | D:8      | Noticed Grum
  8269 | D:7      | Reached ** piety under Cheibriados
  8756 | D:7      | HP: 3/121 [acid (8)]
  8758 | D:7      | Killed Harold
  8758 | D:7      | Reached XP level 10. HP: 21/90 MP: 20/20
  9145 | D:8      | Found a hide-covered altar of Uskayaw.
  9152 | D:8      | Found a glowing golden altar of the Shining One.
  9164 | D:8      | Killed Grum
  9795 | D:8      | Reached *** piety under Cheibriados
 10330 | D:9      | Noticed a deep elf mage
 10336 | D:9      | Killed a deep elf mage
 10354 | D:9      | Reached skill level 10 in Fighting
 10379 | D:9      | Reached skill level 10 in Transmutations
 10389 | D:9      | Reached **** piety under Cheibriados
 10924 | D:9      | Reached XP level 11. HP: 79/100 MP: 16/21
 10973 | D:9      | Noticed an orange crystal statue
 11054 | D:9      | Reached ***** piety under Cheibriados
 12061 | D:9      | Killed an orange crystal statue
 12195 | D:10     | Entered Level 10 of the Dungeon
 12298 | D:10     | Noticed a two-headed ogre
 12301 | D:10     | Killed a two-headed ogre
 12410 | D:10     | Noticed a centaur warrior
 12412 | D:10     | Noticed a red ugly thing
 12417 | D:10     | Killed a centaur warrior
 12420 | D:10     | Killed an unseen horror
 12420 | D:10     | Identified the ring of Xuveosuib {+Fly rF+ rN+++ MP+9
                  | Dex-3}
 12426 | D:10     | Killed a red ugly thing
 12705 | D:10     | Learned a level 7 spell: Dragon Form
 12712 | D:10     | Got a shimmering pewter amulet
 12718 | D:10     | Identified the amulet "Ojeraed" {+Rage MR+ Dex+5} (You
                  | found it on level 10 of the Dungeon)
 13260 | D:11     | Killed an unseen horror
 13260 | D:11     | Reached XP level 12. HP: 16/110 MP: 24/24
 13352 | D:11     | Found a gate leading to a gauntlet.
 13358 | D:11     | HP: 1/110 [acid (8)]
 13361 | Gauntlet | Entered a Gauntlet
 13361 | Gauntlet | Found a transporter.
 13361 | Gauntlet | Found a transporter.
 13361 | Gauntlet | Found a transporter.
 13394 | Gauntlet | Found a transporter.
 13695 | Gauntlet | Found a transporter.
 13698 | Gauntlet | Found a transporter.
 13707 | Gauntlet | Noticed a hell beast
 13708 | Gauntlet | Found a transporter.
 13753 | Gauntlet | Found a transporter.
 13753 | Gauntlet | Found a transporter.
 13795 | Gauntlet | Found a transporter.
 13799 | Gauntlet | Found a transporter.
 13808 | Gauntlet | Noticed a green death
 13809 | Gauntlet | Found a transporter.
 13887 | Gauntlet | Reached skill level 5 in Dodging
 13894 | Gauntlet | Got a slimy ivory ring
 13897 | Gauntlet | Identified the ring "Acush" {Wiz rElec MR+ Dex+2} (You
                  | found it in a Gauntlet)
 13925 | Gauntlet | Got a clouded emerald amulet
 13931 | Gauntlet | Identified the amulet of Beogh's Delight {Inacc *Corrode
                  | rF+ rN+++ Stlth-} (You found it in a Gauntlet)
 13944 | Gauntlet | Slain by a hell beast

Levels and vault maps discovered:
D:1:      minmay_arrival_widening_spiral_wide, layout_basic
D:2:      layout_basic
D:3:      minmay_evil_eye, layout_loops_ring, old_standard_altar,
          lemuel_crystal_altar, kennysheep_generic_room_13, uniq_grinder
D:4:      layout_cave_pods, old_standard_altar, uniq_eustachio
D:5:      layout_loops_ring, minitemple, zin_statuary, enter_ossuary_3,
          first_ration, uniq_blork_the_orc, uniq_edmund
D:6:      layout_loops_ring, nemelex_xobeh_ov_fountains_minmay,
          minmay_temple_entry_trees, serial_aquarium,
          aquarium_bridge_island_small [aquarium_subvault_small_water,
          aquarium_subvault_bridge, aquarium_subvault_bridge,
          aquarium_subvault_wall, aquarium_subvault_bridge],
          aquarium_bridge_square [aquarium_subvault_bridge,
          aquarium_subvault_bridge, aquarium_subvault_wall,
          aquarium_subvault_wall], aquarium_window_corridor_2,
          aquarium_window_2, aquarium_window_corner, aquarium_view_2f,
          lemuel_statue_altar
D:7:      layout_loops_ring, grunt_temple_overflow_open, serial_shops, shop,
          basic_altar, the_bakery, uniq_duvessa
D:8:      layout_loops_ring, lemuel_crystal_altar, old_standard_altar,
          uniq_grum, uniq_harold
D:9:      layout_rooms, minivault_16
D:10:     layout_basic, minmay_misc_feat_four_crosses,
          chequers_decorated_corner, serial_bayou_pond_e, minmay_the_grid_2x2
          [minmay_the_grid_rooms, minmay_the_grid_odd_star,
          minmay_the_grid_minigrid_small_alt, minmay_the_grid_prize_trominoes]
D:11:     layout_cave_pools, grunt_lair_entry_orc_guard_hut,
          gauntlet_entry_generic
Temple:   eino_wide_crystal_templ
Gauntlet: gammafunk_gauntlet_hard_choice [nicolae_gauntlet_arena_quarters,
          gammafunk_gauntlet_arena_open, gammafunk_gauntlet_arena_mazey,
          gammafunk_gauntlet_arena_crates,
          gammafunk_gauntlet_arena_split_diamond,
          nicolae_gauntlet_arena_t_cross, gauntlet_exit_watery]

Skill      XL: |  1  2  3  4  5  6  7  8  9 10 11 12 |
---------------+-------------------------------------+-----
Fighting       | 2 3 4 5 6 8 10 11 | 11.4
Transmutations | 4 5 6 8 10 11 | 11.2
Spellcasting   | 3 4 5 7 8 |  8.6
Unarmed Combat | 5 7 8 |  8.9
Dodging        | 2 4 5 |  5.1

Action                   |  1- 3 |  4- 6 |  7- 9 | 10-12 || total
-------------------------+-------+-------+-------+-------++-------
Melee: Unarmed           |   202 |   212 |   106 |   279 ||   799
       Tailslap          |    20 |    13 |    55 |    90 ||   178
       Headbutt          |     9 |       |       |       ||     9
       Kick              |    10 |       |       |       ||    10
       Punch             |     3 |       |     6 |    26 ||    35
       Short sword       |       |       |   356 |   173 ||   529
Throw: Boomerang         |       |       |       |    14 ||    14
 Cast: Beastly Appendage |    18 |     3 |       |       ||    21
       Spider Form       |       |     8 |     3 |       ||    11
       Sticks to Snakes  |       |       |     3 |       ||     3
       Blade Hands       |       |       |       |    26 ||    26
Invok: Temporal Distorti |       |       |       |     1 ||     1
       Slouch            |       |       |       |     3 ||     3
 Abil: Breathe Fire      |       |       |    11 |    10 ||    21
       End Transformatio |       |       |     1 |       ||     1
  Use: Scroll            |       |    10 |    12 |     5 ||    27
       Potion            |       |       |     5 |     2 ||     7
 Stab: Sleeping          |     1 |     1 |     2 |     2 ||     6
       Distracted        |       |       |     1 |     1 ||     2
  Eat: Chunk             |     2 |     9 |    12 |     8 ||    31
       Ration            |       |       |     1 |     3 ||     4
Armor: Skin              |    52 |    28 |    98 |   119 ||   297
Dodge: Dodged            |   153 |   178 |   366 |   497 ||  1194
       Deflected         |       |       |       |     9 ||     9
